 Dungeon Crawl Stone Soup version 0.20.1-1-g8b1a95d (console) character file.

90 hilaritas the Shield-Bearer (level 4, -1/36 HPs)
             Began as a Formicid Fighter on Mar 7, 2018.
             Slain by an orc priest
             ... wielding a +0 club
              (2 damage)
             ... on level 3 of the Dungeon.
             The game lasted 00:04:34 (1641 turns).

hilaritas the Shield-Bearer (Formicid Fighter)      Turns: 1641, Time: 00:04:36

Health: -1/36      AC:  6    Str: 27    XL:     4   Next: 85%
Magic:  4/4        EV:  8    Int:  7    God:
Gold:   90         SH: 11    Dex: 10    Spells: 3/3 levels left

rFire    . . .     SeeInvis +   a - +0 war axe
rCold    . . .     Gourm    .   c - +1 shield
rNeg     . . .     Faith    .   b - +0 scale mail
rPois    +         Spirit   .   (helmet unavailable)
rElec    .         Reflect  .   (no cloak)
rCorr    .         Harm     .   (no gloves)
MR       .....                  (no boots)
Stlth    ..........             (no amulet)
Regen    0.2/turn               k - ring of poison resistance
MPRegen  0.1/turn               (no ring)

@: mighty
A: permanent stasis, dig shafts and tunnels, four strong arms, antennae 3
a: Dig, Shaft Self


You were on level 3 of the Dungeon.
You were not hungry.

You visited 1 branch of the dungeon, and saw 3 of its levels.

You collected 90 gold pieces.

Inventory:

Hand Weapons
 a - a +0 war axe (weapon)
 n - a +0 whip
Missiles
 j - 4 javelins (quivered)
Armour
 b - a +0 scale mail (worn)
 c - a +1 shield (worn)
Jewellery
 h - an uncursed ring of magical power
 k - a ring of poison resistance (left hand)
Scrolls
 e - 6 scrolls of fear
 o - 2 scrolls of magic mapping
Potions
 d - a potion of might
 i - a potion of cancellation {unknown}
 m - a potion of curing {unknown}
Comestibles
 f - 3 bread rations
 g - a royal jelly
 l - a meat ration
 p - 4 fruits
 q - a chunk of flesh


   Skills:
 + Level 3.6 Fighting
 * Level 3.8 Axes
 - Level 3.4 Armour
 - Level 0.1 Dodging
 + Level 4.2 Shields


You had 3 spell levels left.
You didn't know any spells.

Dungeon Overview and Level Annotations

Branches:
Dungeon (3/15)

Altars:


Innate Abilities, Weirdness & Mutations

You cannot be hasted, slowed, berserked, paralysed or teleported.
You can dig through walls and to a lower floor.
Your four strong arms can wield two-handed weapons with a shield.
You have a pair of large antennae on your head. (SInv)


Message History

The orc priest hits you but does no damage.
The orc wizard hits you but does no damage.
You are electrocuted!
You slash the orc!
You kill the orc!
Your shield prevents you from hitting the orc wizard.
You block the orc wizard's attack.
The orc priest mumbles some strange prayers to Beogh against you.
Beogh smites you!
Unknown command.
You feel very mighty all of a sudden.
The orc wizard hits you but does no damage.
You slash the orc priest!
The orc priest is severely wounded.
You slash the orc wizard! You hit the orc wizard.
The orc wizard hits you but does no damage.
You are electrocuted!
* * * LOW HITPOINT WARNING * * *
The orc priest hits you with a club.
You die...

..# #..# #.(# #..#
#..#
.#.#######..####
.....ooo......>###
......o@..?.......
...#######.######
#.# #.# #.# #.#
###.# #...# #.#.#
####.######
#.........#


You could see an orc priest, 2 orc wizards and an orc.

Vanquished Creatures
  A hound skeleton (D:3)
  Robin (D:2)
  A worm (D:1)
  A dart slug (D:2)
  3 leopard geckos
  An orc (D:3)
  A ball python (D:2)
  3 giant cockroaches
  11 goblins
  11 hobgoblins
  4 bats
  4 frilled lizards (D:2)
  5 kobolds
  3 rats
50 creatures vanquished.

Notes
Turn   | Place    | Note
-------+----------+-------------------------------------------
     0 | D:1      | hilaritas the Formicid Fighter began the quest for the Orb.
     0 | D:1      | Reached XP level 1. HP: 18/18 MP: 1/1
   187 | D:1      | Reached XP level 2. HP: 22/24 MP: 2/2
   641 | D:1      | Reached XP level 3. HP: 27/29 MP: 3/3
   912 | D:2      | Reached skill level 4 in Shields
   955 | D:2      | Noticed Robin
   959 | D:2      | Killed Robin
   967 | D:2      | Reached XP level 4. HP: 25/36 MP: 4/4
  1610 | D:3      | Found a faded altar of an unknown god.
  1641 | D:3      | HP: 1/36 [orc wizard/dagger of electrocution (9)]
  1641 | D:3      | Slain by an orc priest

Skill      XL: |  1  2  3 |
---------------+----------+-----
Shields        | 4 |  4.2
Axes           | 3 |  3.8
Fighting       | |  3.6
Armour         | |  3.4
Dodging        | |  0.1

Action                   |  1- 3 |  4- 6 || total
-------------------------+-------+-------++-------
Melee: War axe           |    81 |    50 ||   131
  Use: Scroll            |     5 |     1 ||     6
       Potion            |       |     1 ||     1
  Eat: Chunk             |       |     3 ||     3
Armor: Scale mail        |    43 |    23 ||    66
Dodge: Dodged            |    22 |    16 ||    38
Block: Shield            |    54 |    26 ||    80
